 Dungeon Crawl Stone Soup version 0.28-a0-821-g923ab73998 (webtiles) character file.

Game seed: 14348689146467799274

135 BinkBink the Conjurer (level 4, 0/36 HPs)
             Began as a Draconian Conjurer on Nov 9, 2021.
             Succumbed to a scorpion's poison
             ... on level 3 of the Dungeon.
             The game lasted 00:03:51 (2369 turns).

BinkBink the Conjurer (Draconian Conjurer)          Turns: 2369, Time: 00:03:51

Health: 0/36       AC:  5    Str: 10    XL:     4   Next: 96%
Magic:  1/7        EV: 12    Int: 19    God:
Gold:   151        SH:  0    Dex:  9    Spells: 7/8 levels left

rFire   . . .      SeeInvis .   (no weapon)
rCold   . . .      Faith    .   (no shield)
rNeg    . . .      Spirit   .   (armour unavailable)
rPois   .          Reflect  .   (helmet restricted)
rElec   .          Harm     .   (no cloak)
rCorr   .          Rampage  .   (no gloves)
Will    .....                   (no boots)
Stlth   +.........              (no amulet)
HPRegen 0.12/turn               (no ring)
MPRegen 0.10/turn               (no ring)

@: lethally poisoned (0 -> -8), silenced, studying Bows
A: AC +5, unfitting armour, cold-blooded
a: no special abilities


You were on level 3 of the Dungeon.
You visited 1 branch of the dungeon, and saw 3 of its levels.

You collected 151 gold pieces.

Inventory:

Missiles
 i - 2 throwing nets
Armour
 e - a +1 tower shield of protection
Scrolls
 b - a scroll of enchant armour
 d - a scroll of identify {unknown}
 g - a scroll of teleportation {unknown}
Potions
 a - a potion of heal wounds {unknown}
 f - a potion of flight {unknown}
 j - a potion of curing {unknown}


   Skills:
 * Level 2.2 Fighting
 - Level 1.7 Dodging
 + Level 2.1 Stealth
 + Level 0.6 Unarmed Combat
 + Level 2.6 Spellcasting
 + Level 5.2 Conjurations


You had 7 spell levels left.
You knew the following spells:

 Your Spells              Type           Power      Damage    Failure   Level
a - Magic Dart            Conj           88%        1d7       1%          1

Your spell library contained the following spells:

 Spells                   Type           Power      Damage    Failure   Level
 Searing Ray              Conj           44%        2d6       2%          2
 Dazzling Flash           Conj/Hex       24%        N/A       16%         3
 Fulminant Prism          Conj/Hex       6%         3d7       47%         4
 Iskenderun's Mystic Bla  Conj/Tloc      12%        2d5       47%         4


Dungeon Overview and Level Annotations

Branches:
Dungeon (3/15)

Altars:
Hepliaklqana
Uskayaw


Innate Abilities, Weirdness & Mutations

Your plain brown scales are hard. (AC +5)
You cannot fit into any form of body armour.
You are cold-blooded and may be slowed by cold attacks.


Message History

You are too injured to fight recklessly!
You are too injured to fight recklessly!
You are too injured to fight recklessly!
Casting: Magic Dart (safe; 1% risk of failure)
Confirm with . or Enter, or press ? or * to list all spells.
Aiming: Magic Dart (safe; 1% risk of failure)
Press: ? - help, Shift-Dir - straight line, f/p - scorpion
Aim: a scorpion (lightly wounded, 100% to hit)
The magic dart hits the scorpion.
The scorpion is lightly wounded.
The scorpion stings you.
Casting: Magic Dart (safe; 1% risk of failure)
Confirm with . or Enter, or press ? or * to list all spells.
Aiming: Magic Dart (safe; 1% risk of failure)
Press: ? - help, Shift-Dir - straight line, f/p - scorpion
Aim: a scorpion (lightly wounded, 100% to hit)
The magic dart hits the scorpion.
The scorpion is moderately wounded.
The scorpion stings you.
* * * LOW HITPOINT WARNING * * *
You are lethally poisoned!
The scorpion poisons you! The scorpion stings you.
* * * LOW HITPOINT WARNING * * *
As you read the scroll labelled NULICZ IROHISE, it crumbles to dust.
It is a scroll of enchant armour.
Your +0 tower shield of protection glows green for a moment.
* * * LOW HITPOINT WARNING * * *
You feel very sick. The scorpion barely misses you.
As you read the scroll labelled QIZARAOSTRO, it crumbles to dust.
It is a scroll of amnesia.
Really abort (and waste the scroll)? [Y]es or [N]o only, please.
Really abort (and waste the scroll)?
Okay, then.
* * * LOW HITPOINT WARNING * * *
You feel sick. The scorpion barely misses you.
As you read the scroll labelled ZIOROQOAMI, it crumbles to dust.
A profound silence engulfs you.
It was a scroll of silence.
You die...

............#
#.#..##.#####
##.#.###.# #........#
#..#####.###### #
#......# #. #.####.#
###
#..#####.####.###.##
#..†.......s@.##.#.##
#.######.###....###.#
#.# #.###.#.##
######.###.# ##.##
...........# #.#
#..######.#### #.#
#.. #.# #.# #.† #.#
#.# #..
####.#######.#


You could see a scorpion.

Vanquished Creatures
  A necrophage (D:3)
  3 dart slugs
  3 endoplasms
  A giant cockroach (D:3)
  3 goblins
  8 hobgoblins
  2 jackals (D:1)
  2 quokkas (D:1)
  6 ball pythons
  3 bats
  2 frilled lizards
  A kobold (D:2)
  5 rats
40 creatures vanquished.

Vanquished Creatures (others)
  3 fungi (D:3)
  5 plants (D:3)
8 creatures vanquished.

Grand Total: 48 creatures vanquished

Notes
Turn   | Place    | Note
-------+----------+-------------------------------------------
     0 | D:1      | BinkBink the Draconian Conjurer began the quest for the
                  | Orb.
     0 | D:1      | Reached XP level 1. HP: 14/14 MP: 3/3
   299 | D:1      | Reached XP level 2. HP: 15/22 MP: 0/5
   813 | D:1      | Reached skill level 1 in Fighting
  1206 | D:2      | Reached XP level 3. HP: 28/28 MP: 3/6
  1359 | D:2      | Found a hide-covered altar of Uskayaw.
  2065 | D:3      | Found a hazy altar of Hepliaklqana.
  2232 | D:3      | Noticed a necrophage
  2272 | D:3      | Killed a necrophage
  2273 | D:3      | Reached skill level 5 in Conjurations
  2273 | D:3      | Reached XP level 4. HP: 32/36 MP: 1/7
  2352 | D:3      | Noticed a scorpion
  2368 | D:3      | HP: 1/36 [poisoned by a scorpion]
  2369 | D:3      | Succumbed to a scorpion's poison

Illustrated notes

Levels and vault maps discovered:
D:1:      lightli_arrival_lavapool, layout_loops_ring, grunt_decor_mini_mirrors,
          minmay_distorted
D:2:      layout_basic, basic_altar, minmay_misc_feat_ornament,
          minmay_pentomino_o4
D:3:      layout_loops_ring, mainiacjoe_overflow_concentric_impassable,
          shapermc_ecumenical_altar_mp_urbaneastern, serial_shops, shop,
          dk_vineyard_2

Skill      XL: |  1  2  3 |
---------------+----------+-----
Fighting       | 1 2 |  2.2
Stealth        | 2 |  2.1
Conjurations   | 5 |  5.2
Dodging        | |  1.7
Unarmed Combat | |  0.6
Spellcasting   | |  2.6

Action                   |  1- 3 |  4- 6 || total
-------------------------+-------+-------++-------
Melee: Unarmed           |    34 |       ||    34
       Tailslap          |     3 |       ||     3
 Cast: Magic Dart        |    77 |     7 ||    84
  Use: Scroll            |       |     3 ||     3
Armor: Skin              |    10 |     1 ||    11
Dodge: Dodged            |    19 |     4 ||    23

Table legend: (Time is in decaauts)
 A = Elapsed time spent in this place.
 B = Non-inter-level travel time spent in this place.
 C = Inter-level travel time spent in this place.
 D = Time resting spent in this place.
 E = Time spent auto-exploring this place.
 F = Levels seen in this place.
 G = Mean time per level.
                   A        B        C        D        E       F      G
               +--------+--------+--------+--------+--------+-----+--------+
         Total |   2368 |   2340 |     28 |      0 |   2089 |   3 |  789.3 |
       Dungeon |   2368 |   2340 |     28 |      0 |   2089 |   3 |  789.3 |
               +--------+--------+--------+--------+--------+-----+--------+

Top non-repeatable levels by time:
     D:1: 1178 daAuts
     D:2: 836 daAuts
     D:3: 353 daAuts
